 Dungeon Crawl Stone Soup version 0.19.1 (webtiles) character file.

100 schauveau the Chopper (level 4, 0/39 HPs)
             Began as a Minotaur Berserker on Dec 11, 2016.
             Was a Believer of Trog.
             Succumbed to an orc's poison
             ... on level 3 of the Dungeon.
             The game lasted 00:03:16 (1836 turns).

schauveau the Chopper (Minotaur Berserker)          Turns: 1836, Time: 00:03:16

Health: 0/39       AC: 10    Str: 22    XL:     4   Next: 46%
Magic:  3/3        EV:  8    Int:  4    God:    Trog [**....]
Gold:   90         SH:  0    Dex: 10    Spells: 0 memorised, 3 levels left

rFire  . . .     SeeInvis +     a - +0 hand axe
rCold  . . .     Gourm    .     v - +0 chain mail
rNeg   . . .     Faith    .     (no shield)
rPois  .         Spirit   .     (helmet restricted)
rElec  .         Reflect  .     (no cloak)
rCorr  .         Harm     .     n - +1 pair of gloves
MR     +....                    (no boots)
Stlth  ..........               (no amulet)
                                r - ring of protection from magic
                                g - ring of see invisible

@: lethally poisoned (0 -> -7)
A: retaliatory headbutt, horns 2
a: Berserk, Trog's Hand, Burn Spellbooks, Renounce Religion


You were on level 3 of the Dungeon.
You worshipped Trog.
Trog was pleased with you.
You were not hungry.

You visited 1 branch of the dungeon, and saw 4 of its levels.

You collected 90 gold pieces.

Inventory:

Hand Weapons
 a - a +0 hand axe (weapon)
Armour
 n - a +1 pair of gloves (worn)
 v - a +0 chain mail (worn)
Jewellery
 g - a ring of see invisible (left hand)
 r - a ring of protection from magic (right hand)
Scrolls
 b - 2 scrolls of magic mapping {unknown}
 d - 2 scrolls of teleportation {unknown}
 e - 2 scrolls of identify {unknown}
 h - 4 scrolls of amnesia {unknown}
 j - a scroll of blinking {unknown}
 k - a scroll of remove curse {unknown}
 m - a scroll of recharging {unknown}
 o - a scroll of immolation {unknown}
 p - a scroll of fog {unknown}
 q - 2 scrolls of random uselessness {unknown}
Potions
 f - 2 potions of curing {unknown}
 t - a potion of mutation {unknown}
 u - a potion of brilliance {unknown}
Comestibles
 c - 2 bread rations
 i - a meat ration
 l - 4 chunks of flesh
 s - 5 fruits


   Skills:
 - Level 3.6 Fighting
 * Level 6.4 Axes
 - Level 2.4 Armour
 - Level 2.1 Dodging


You had 3 spell levels left.
You didn't know any spells.

Dungeon Overview and Level Annotations

Branches:
Dungeon (4/15)
 Temple: D:4-7

Altars:


Innate Abilities, Weirdness & Mutations

You reflexively headbutt those who attack you in melee.
You have a pair of horns on your head.


Message History

You hit the orc.
The orc is moderately wounded.
You feel sick. The orc hits you with a flail of venom.
You are more poisoned.
You closely miss the orc.
The orc is moderately wounded.
You hit the orc.
You feel sick. The orc closely misses you.
Some of the chunks of flesh in your inventory have rotted away.
You feel sick. The orc hits you. The orc barely misses you.
The orc closely misses you. The orc barely misses you.
Found a scroll labeled ULEFUL QOUNU and a meat ration.
You hit the orc.
The orc is heavily wounded.
You hit the orc. x3; The orc hits you. The orc hits you but does no damage.
You are electrocuted!
* * * LOW HITPOINT WARNING * * *
The orc closely misses you. You furiously retaliate!
You headbutt the orc.
You kill the orc!
Trog accepts your kill.
You die...

##.#.#...###
###########...#
#..#.....#
#......<......#
......#).####
..#############
..>..........
.............
.....##......###
.....#...##....#
#....#.#..###..#####
#.<.....#.#.....@.o#
................oSol.....
####.....................
#..###.#........##....
#..# #.#........# ...
#### #..........# .?
##..######## % ##.# #..


You could see an adder, 3 orcs and a frilled lizard.

Vanquished Creatures
  A worker ant (D:4)
  An adder (D:2)
  An ooze (D:2)
  An adder skeleton (D:3)
  A worm (D:2)
  3 dart slugs
  A leopard gecko (D:3)
  7 orcs (D:3)
  2 ball pythons
  7 goblins
  2 hobgoblins
  7 kobolds
  5 bats
  A frilled lizard (D:2)
  2 rats
42 creatures vanquished.

Notes
Turn   | Place    | Note
-------+----------+-------------------------------------------
     0 | D:1      | schauveau the Minotaur Berserker began the quest for the Orb.
     0 | D:1      | Reached XP level 1. HP: 19/19 MP: 0/0
   169 | D:1      | Reached skill level 4 in Axes
   284 | D:1      | Reached XP level 2. HP: 23/26 MP: 1/1
   889 | D:2      | Reached skill level 5 in Axes
   977 | D:2      | Reached XP level 3. HP: 27/31 MP: 2/2
  1067 | D:2      | Reached ** piety under Trog
  1490 | D:4      | Reached skill level 6 in Axes
  1490 | D:4      | Reached XP level 4. HP: 38/39 MP: 3/3
  1835 | D:3      | HP: 1/39 [orc/dagger of electrocution (12)]
  1836 | D:3      | Succumbed to an orc's poison

Skill      XL: |  1  2  3 |
---------------+----------+-----
Axes           | 4 5 6 |  6.4
Fighting       | |  3.6
Armour         | |  2.4
Dodging        | |  2.1

Action                   |  1- 3 |  4- 6 || total
-------------------------+-------+-------++-------
Melee: Hand axe          |    57 |    32 ||    89
       Headbutt          |    12 |     5 ||    17
  Eat: Chunk             |     2 |     1 ||     3
Armor: Animal skin       |     4 |       ||     4
       Leather armour    |    18 |    11 ||    29
       Chain mail        |       |     2 ||     2
Dodge: Dodged            |    38 |    14 ||    52
